 Dungeon Crawl Stone Soup version 0.27.1-33-g824d729ab1 (webtiles) character file.

Game seed: 11626124714487568849

105 Descartes the Ducker (level 4, 0/19 HPs)
             Began as a Felid Warper on Nov 24, 2021.
             Killed from afar by an orc wizard (8 damage)
             ... with a magic dart
             ... on level 3 of the Dungeon.
             The game lasted 00:06:10 (4122 turns).

Descartes the Ducker (Felid Warper)                 Turns: 4122, Time: 00:06:10

Health: 0/19       AC:  1    Str:  8    XL:     4   Next: 54%
Magic:  8/8        EV: 19    Int: 14    God:
Gold:   78         SH:  0    Dex: 15    Spells: 5/7 levels left
                                        Lives:  0   Deaths: 1

rFire    . . .     SeeInvis +     - Unarmed
rCold    . . .     Faith    .   (shield unavailable)
rNeg     . . .     Spirit   .   (armour unavailable)
rPois    .         Reflect  .   (helmet unavailable)
rElec    .         Harm     .   (cloak unavailable)
rCorr    .         Rampage  .   (gloves unavailable)
Will     .....                  (boots unavailable)
Stlth    +.........             (no amulet)
HPRegen  0.06/turn              (no ring)
MPRegen  0.11/turn              (no ring)

@: quick
A: very small, claws 1, fangs 3, see invisible, speed 1, shaggy fur 1, stealthy
paws, no weapons or thrown items, no armour, multi-lived
a: no special abilities


You were on level 3 of the Dungeon.
You visited 1 branch of the dungeon, and saw 3 of its levels.

You collected 78 gold pieces.

Inventory:

Missiles
 b - 119 stones
Jewellery
 e - a ring of fire
Scrolls
 a - 2 scrolls of blinking
 c - a scroll of silence {unknown}
 d - a scroll of immolation {unknown}
 f - 2 scrolls of identify {unknown}
 g - a scroll of torment {unknown}
 h - a scroll of teleportation {unknown}
 i - a scroll of summoning {unknown}
 k - a scroll of fog {unknown}
Potions
 j - a potion of ambrosia {unknown}
 l - a potion of mutation {unknown}


   Skills:
 - Level 2.0 Fighting
 * Level 5.8 Dodging
 + Level 3.1 Unarmed Combat
 - Level 2.0 Spellcasting
 + Level 5.6 Translocations


You had 5 spell levels left.
You knew the following spells:

 Your Spells              Type           Power      Damage    Failure   Level
a - Blink                 Tloc           N/A        N/A       3%          2

Your spell library contained the following spells:

 Spells                   Type           Power      Damage    Failure   Level
 Gell's Gravitas          Tloc           8%         N/A       7%          3
 Lesser Beckoning         Tloc           8%         N/A       7%          3
 Teleport Other           Tloc           17%        N/A       7%          3
 Manifold Assault         Tloc           17%        N/A       54%         5
 Animate Dead             Necr           0%         N/A       93%         4
 Borgnjor's Vile Clutch   Necr/Erth      0%         N/A       100%        5
 Iskenderun's Battlesphe  Conj           1%         2d6       100%        5
 Death Channel            Necr           0%         N/A       100%        6
 Iron Shot                Conj/Erth      0%         9d1       100%        6
 Spellforged Servitor     Conj/Summ      0%         N/A       100%        7


Dungeon Overview and Level Annotations

Branches:
Dungeon (3/15)

Altars:
Uskayaw

Annotations:
D:3 Sigmund


Innate Abilities, Weirdness & Mutations

You have sharp claws.
You have razor-sharp teeth.
You have supernaturally acute eyesight. (SInv)
You cover ground quickly. (Speed+)
You are covered in fur. (AC +1)
Your paws help you pounce on unaware monsters.
You are incapable of wielding weapons or throwing items.
You cannot wear armour.
You gain extra lives every three experience levels.


Message History

You scratch the adder. Your bite misses the adder.
The adder is moderately wounded.
The adder barely misses you.
You miss the adder. Your bite misses the adder.
The adder is moderately wounded.
The adder barely misses you. The adder misses you.
You closely miss the adder. You bite the adder.
The adder is heavily wounded.
The adder completely misses you.
You closely miss the adder.
The adder is heavily wounded.
The adder bites you.
You scratch the adder.
The adder is severely wounded.
The adder barely misses you.
You scratch the adder.
You kill the adder!
The orc wizard points at you and mumbles some strange words.
The puff of flame hits you!
Ouch! That really hurt!
You are too injured to fight recklessly!
You are too injured to fight recklessly!
You are too injured to fight recklessly!
You are too injured to fight recklessly!
You are too injured to fight recklessly!
You are too injured to fight recklessly!
You are too injured to fight recklessly!
You are too injured to fight recklessly!
You are too injured to fight recklessly!
You are too injured to fight recklessly!
You are too injured to fight recklessly!
You are too injured to fight recklessly!
You are too injured to fight recklessly!
You are too injured to fight recklessly!
You are too injured to fight recklessly!
You are too injured to fight recklessly!
You are too injured to fight recklessly!
The orc wizard gestures at you while chanting.
The magic dart hits you!
You die...

#......................
.#...................... #+
#.......................
.8. #......................
#... #.....................
#... #....................
#...##...................
+o8o''..............)...
#.o.##..@................
#..o##....................
#...##.....................
.8. #..............).......
#+ #.......................
.........................
).........................
####......................
#......................


You could see an orc priest and an orc wizard.

Vanquished Creatures
  Jessica (D:2)
  3 gnolls (D:1)
  4 adders
  A worm (D:3)
  2 dart slugs (D:1)
  4 orcs (D:2)
  4 endoplasms
  5 hobgoblins
  7 kobolds
  4 quokkas
  5 ball pythons
  8 bats
  4 frilled lizards
  3 goblins
  6 rats
61 creatures vanquished.

Notes
Turn   | Place    | Note
-------+----------+-------------------------------------------
     0 | D:1      | Descartes the Felid Warper began the quest for the Orb.
     0 | D:1      | Reached XP level 1. HP: 9/9 MP: 4/4
   419 | D:1      | Reached XP level 2. HP: 13/13 MP: 6/6
   608 | D:1      | Found a faded altar of an unknown god.
   993 | D:1      | Learned a level 2 spell: Blink
  1281 | D:1      | Reached XP level 3. HP: 16/16 MP: 7/7
  1376 | D:2      | Found a hide-covered altar of Uskayaw.
  1410 | D:1      | Reached skill level 5 in Translocations
  1953 | D:2      | Reached XP level 4. HP: 13/19 MP: 8/8
  2271 | D:2      | Reached skill level 5 in Dodging
  2894 | D:3      | Noticed Jessica
  3058 | D:2      | Slain by a kobold
  3059 | D:2      | Reached XP level 3. HP: -1/16 MP: 7/7
  3072 | D:2      | Killed Jessica
  3073 | D:2      | Reached XP level 4. HP: 10/19 MP: 8/8
  3686 | D:3      | Noticed Sigmund
  4122 | D:3      | Killed from afar by an orc wizard

Illustrated notes

Levels and vault maps discovered:
D:1:      dpeg_arrival_simpleton_a, layout_basic, basic_ecumenical_altar
D:2:      layout_rooms, basic_altar
D:3:      minmay_diamond_boxcup, layout_basic, chequers_serial_rivers_room_a,
          grunt_decor_arrowhead, grunt_ministairs_2, uniq_jessica, uniq_sigmund

Skill      XL: |  1  2  3  4 |
---------------+-------------+-----
Dodging        | 4 5 |  5.8
Translocations | 5 |  5.6
Unarmed Combat | 3 |  3.1
Fighting       | |  2.0
Spellcasting   | |  2.0

Action                   |  1- 3 |  4- 6 || total
-------------------------+-------+-------++-------
Melee: Unarmed           |   104 |   127 ||   231
       Bite              |     8 |    10 ||    18
       Punch             |     1 |     1 ||     2
  Use: Potion            |       |     2 ||     2
 Stab: Sleeping          |     3 |     1 ||     4
Armor: Skin              |     6 |     6 ||    12
Dodge: Dodged            |    87 |   130 ||   217
